 Dungeon Crawl Stone Soup version 0.30.1-11-g7821555f0a (webtiles) character file.

Game seed: 3938558963868543846

833 Ijustatesigmund the Magician (level 7, 0/39 HPs)
             Began as a Deep Elf Earth Elementalist on Dec 5, 2023.
             Was a Believer of Vehumet.
             Slain by a gnoll
             ... wielding a +0 halberd
              (14 damage)
             ... on level 5 of the Dungeon.
             The game lasted 00:11:46 (4548 turns).

Ijustatesigmund the Magician (DEEE)                 Turns: 4548, Time: 00:11:46

Health: 0/39       AC:  5    Str:  5    XL:     7   Next: 65%
Magic:  17/29      EV: 14    Int: 22    God:    Vehumet [**....]
Gold:   339        SH:  0    Dex: 15    Spells: 17/21 levels left

rFire   . . .        h - +3 spear (venom)
rCold   . . .        (no shield)
rNeg    . . .        a - +0 robe
rPois   .            (no helmet)
rElec   .            (no cloak)
rCorr   .            x - +2 pair of gloves
SInv    .            (no boots)
Will    .....        (no amulet)
Stlth   ++           n - ring of magical power
HPRegen 0.26/turn    (no ring)
MPRegen 0.21/turn

%: no passive effects
@: no status effects
A: no striking features
a: Renounce Religion


You were on level 5 of the Dungeon.
You worshipped Vehumet.
Vehumet was pleased with you.
You visited 1 branch of the dungeon, and saw 5 of its levels.
You also visited: Sewer.

You collected 339 gold pieces.

Inventory:

Hand Weapons
 h - a +3 spear of venom (weapon)
Armour
 a - a +0 robe (worn)
 x - a +2 pair of gloves (worn)
Jewellery
 n - a ring of magical power (left hand)
 s - a ring of wizardry
 w - a +6 ring of strength
Wands
 q - a wand of digging (4)
Scrolls
 d - a scroll of magic mapping
 f - 2 scrolls of teleportation
 k - a scroll of fear
 r - a scroll of immolation
Potions
 b - 2 potions of magic
 c - a potion of ambrosia {unknown}
 g - a potion of curing
 i - 3 potions of lignification
 j - 2 potions of flight
 l - a potion of brilliance
 o - a potion of might
 z - 2 potions of heal wounds
 A - a potion of attraction


   Skills:
 + Level 1.9 Fighting
 - Level 4.5 Dodging
 - Level 2.4 Stealth
 + Level 7.5 Spellcasting
 + Level 5.1 Conjurations
 - Level 1.1 Transmutations
 - Level 4.0 Earth Magic


You had 17 spell levels left.
You knew the following spells:

 Your Spells              Type           Power      Damage    Failure   Level
a - Sandblast             Erth           52%        2d12      1%          1
b - Stone Arrow           Conj/Erth      56%        3d10      3%          3

Your spell library contained the following spells:

 Spells                   Type           Power      Damage    Failure   Level
 Searing Ray              Conj           60%        2d6       1%          2
 Passwall                 Tmut/Erth      15%        N/A       4%          2
 Apportation              Tloc           16%        N/A       8%          1
 Necrotise                Necr           32%        1d5       8%          1
 Summon Small Mammal      Summ           32%        N/A       8%          1
 Wereblood                Tmut           13%        N/A       8%          2
 Sublimation of Blood     Necr           8%         N/A       12%         2
 Petrify                  Tmut/Erth      19%        N/A       26%         4
 Summon Hydra             Summ           4%         N/A       100%        7


Dungeon Overview and Level Annotations

Branches:
Dungeon (5/15)              Sewer (visited)
 Temple: D:4-7

Altars:
Vehumet
The Shining One

Shops:
D:1 =

Annotations:
D:3 Grinder


Message History

Aiming: Sandblast (safe; 1% risk of failure)
Press: ? - help, Shift-Dir - straight line, f/p - worm
Aim: a worm (94% to hit)
The blast of sand hits the worm!
The worm is severely wounded.
The gnoll closely misses you.
The gnoll hits you from afar with a +0 halberd.
The worm bites you but does no damage.
You feel better. The gnoll closely misses you.
You barely miss the worm.
The worm is severely wounded.
The gnoll closely misses you. The worm bites you but does no damage.
You barely miss the worm.
The worm is heavily wounded.
The gnoll closely misses you. The worm barely misses you.
Casting: Sandblast (safe; 1% risk of failure)
Confirm with . or Enter, or press ? or * to list all spells.
Aiming: Stone Arrow (dangerous; 3% risk of failure)
Press: ? - help, Shift-Dir - straight line, f/p - worm
Aim: a worm (heavily wounded, 90% to hit)
The stone arrow hits the worm!
You kill the worm!
Vehumet accepts your kill. The gnoll barely misses you.
Casting: Stone Arrow (dangerous; 3% risk of failure)
Confirm with . or Enter, or press ? or * to list all spells.
Aiming: Stone Arrow (dangerous; 3% risk of failure)
Press: ? - help, Shift-Dir - straight line, f - gnoll
Aim: a gnoll, wielding a +0 halberd (75% to hit)
The stone arrow misses the gnoll.
The gnoll hits you from afar with a +0 halberd.
Your magical contamination has completely faded away.
Casting: Stone Arrow (dangerous; 3% risk of failure)
Confirm with . or Enter, or press ? or * to list all spells.
Aiming: Stone Arrow (dangerous; 3% risk of failure)
Press: ? - help, Shift-Dir - straight line, f/p - gnoll
Aim: a gnoll, wielding a +0 halberd (75% to hit)
The stone arrow misses the gnoll.
The gnoll hits you from afar with a +0 halberd!
You die...

*********** *,,,,,,,,,* ***
##***,*******,* *,, #.,,,,*
*,******,* #.***** *,*,,,,,,,
******######.###########,*,****,*
,,,,,,.........)@.....>#,*,* *,*
<,,,,,........g#######)#,*,* *,*
******######.#.##....#)#,*,* *,*
#.#.##....#)#,*,* *,*
####*******#.#.##....#.#,*,* *,*
.....,,,,,,..#.##....#.#,*,* *,*
#####******###.#.....'.#,,,* *,*
#.#.....#.#*******,*
#.#.....#...,,,,,,,*


You could see a gnoll.

Vanquished Creatures
  An ogre (D:5)
  A phantom (D:5)
  3 kobold brigands (Sewer)
  A hound (D:5)
  2 orc priests (D:4)
  2 iguanas
  A sleepcap (D:4)
  2 orc wizards (D:5)
  3 gnolls (D:5)
  8 adders
  3 river rats
  2 worms
  2 dart slugs
  12 orcs
  9 ball pythons
  5 endoplasms
  6 giant cockroaches
  7 goblins
  5 hobgoblins
  12 jackals
  8 kobolds
  3 quokkas
  2 bats
  6 frilled lizards
  12 rats
118 creatures vanquished.

Notes
Turn   | Place    | Note
-------+----------+-------------------------------------------
     0 | D:1      | Ijustatesigmund the Deep Elf Earth Elementalist began the
                  | quest for the Orb.
     0 | D:1      | Reached XP level 1. HP: 10/10 MP: 6/6
   106 | D:1      | Reached XP level 2. HP: 13/15 MP: 0/8
   871 | D:1      | Found Ziotigoe's Jewellery Shoppe.
  1042 | D:2      | Reached skill level 4 in Spellcasting
  1141 | D:2      | Reached XP level 3. HP: 19/19 MP: 8/10
  1145 | D:2      | Learned a level 3 spell: Stone Arrow
  1253 | D:2      | Found a radiant altar of Vehumet.
  1262 | D:2      | Became a worshipper of Vehumet
  1684 | D:3      | Reached skill level 1 in Conjurations
  1684 | D:3      | Reached XP level 4. HP: 10/24 MP: 12/12
  1793 | D:3      | Found a glowing golden altar of the Shining One.
  1958 | D:3      | Noticed Grinder
  2017 | D:4      | Reached skill level 5 in Spellcasting
  2208 | D:4      | Reached XP level 5. HP: 15/28 MP: 14/14
  2309 | D:4      | Reached skill level 1 in Fighting
  2379 | D:4      | Reached * piety under Vehumet
  2379 | D:4      | Offered knowledge of Magic Dart by Vehumet.
  2575 | D:5      | Entered Level 5 of the Dungeon
  2604 | D:5      | Reached XP level 6. HP: 23/35 MP: 16/16
  2647 | D:5      | Found a glowing drain.
  2659 | D:5      | Reached skill level 6 in Spellcasting
  2679 | Sewer    | Entered a sewer
  2702 | Sewer    | Offered knowledge of Searing Ray by Vehumet.
  2795 | Sewer    | Reached ** piety under Vehumet
  3241 | Sewer    | Reached XP level 7. HP: 34/39 MP: 19/19
  3747 | D:5      | Reached skill level 7 in Spellcasting
  4047 | D:5      | Reached skill level 5 in Conjurations
  4548 | D:5      | Slain by a gnoll

Illustrated notes

Levels and vault maps discovered:
D:1:      minmay_arrival_four_circles, layout_loops_corners, serial_shops, shop,
          hangedman_decor_clover_reticule
D:2:      layout_basic, basic_altar
D:3:      layout_rooms, mainiacjoe_overflow_paths, minmay_misc_feat_square,
          minmay_misc_feat_nine_boxes, nicolae_figureground_sparkle,
          uniq_grinder, uniq_natasha
D:4:      layout_rooms
D:5:      layout_basic, portal_sewer_entry_c

Skill      XL: |  1  2  3  4  5  6  7 |
---------------+----------------------+-----
Spellcasting   | 4 5 6 7 |  7.5
Earth Magic    | 4 |  4.0
Conjurations   | 1 2 3 4 5 |  5.1
Fighting       | 1 |  1.9
Dodging        | 3 4 |  4.5
Stealth        | |  2.4
Transmutations | |  1.1

Action                     |  1- 3 |  4- 6 |  7- 9 || total
---------------------------+-------+-------+-------++-------
  Melee: Unarmed           |     1 |       |       ||     1
         Spear             |       |    65 |    21 ||    86
         Punch             |       |     1 |       ||     1
   Cast: Sandblast         |    45 |    74 |     4 ||   123
         Stone Arrow       |       |     9 |    17 ||    26
    Use: Scroll            |     2 |     4 |    13 ||    19
         Potion            |       |     1 |     1 ||     2
   Stab: Sleeping          |       |     1 |       ||     1
 Armour: Robe              |     6 |    21 |     6 ||    33
  Dodge: Dodged            |     8 |    79 |    18 ||   105
